 Dungeon Crawl Stone Soup version 0.30-a0-585-g93115170b9 (webtiles) character file.

Game seed: 4669204112061322171

2254 porpoise the Prestidigitator (level 9, 0/66 HPs)
             Began as a Gnoll Wanderer on Jan 3, 2023.
             Was a Believer of Hepliaklqana.
             Slain by an orc warrior
             ... wielding a +0 halberd
              (12 damage)
             ... on level 7 of the Dungeon.
             The game lasted 00:18:07 (6711 turns).

porpoise the Prestidigitator (Gnoll Wanderer)       Turns: 6711, Time: 00:18:08

Health: 0/66       AC:  7    Str: 14    XL:     9   Next: 37%
Magic:  15/15      EV: 12    Int: 10    God:    Hepliaklqana [**....]
Gold:   430        SH:  0    Dex: 15    Spells: 16/16 levels left

rFire   . . .      SeeInvis .    b - +3 halberd (venom)
rCold   + . .      Faith    .    (shield currently unavailable)
rNeg    . . .      Spirit   .    f - +0 ring mail
rPois   .          Reflect  .    (no helmet)
rElec   .          Harm     .    q - +0 cloak
rCorr   .          Rampage  .    (no gloves)
Will    +....                    (no boots)
Stlth   ++                       (no amulet)
HPRegen 0.31/turn                m - ring of protection from cold
MPRegen 0.14/turn                h - ring of willpower

@: about to teleport, marked
A: reduced essence, fangs 1, strong nose, distributed training
a: Renounce Religion, Recall Ancestor, Ancestor Identity


You were on level 7 of the Dungeon.
You worshipped Hepliaklqana.
Hepliaklqana was pleased with you.
You visited 2 branches of the dungeon, and saw 8 of its levels.

You collected 430 gold pieces.

Inventory:

Hand Weapons
 a - a +0 quarterstaff
 b - a +3 halberd of venom (weapon)
 w - a +4 quarterstaff of chaos
Missiles
 x - 3 poisoned darts
 A - 2 throwing nets
Armour
 f - a +0 ring mail (worn)
 q - a +0 cloak (worn)
Jewellery
 h - a ring of willpower (right hand)
 i - a +6 ring of intelligence
 m - a ring of protection from cold (left hand)
 E - a ring of willpower
Wands
 d - a wand of quicksilver (12)
 o - a wand of flame (4)
 r - a wand of iceblast (21)
 y - a wand of digging (1)
Scrolls
 j - 6 scrolls of teleportation
 n - a scroll of enchant armour {unknown}
 p - a scroll of fear
 s - 2 scrolls of poison
 z - a scroll of brand weapon {unknown}
 B - a scroll of noise
 F - a scroll of magic mapping {unknown}
Potions
 c - 4 potions of attraction
 e - 3 potions of heal wounds
 g - 2 potions of lignification
 k - 2 potions of mutation
 l - 4 potions of curing
 u - a potion of ambrosia
 v - a potion of brilliance
 C - a potion of might
 D - a potion of magic
Miscellaneous
 t - a box of beasts (quivered)


   Skills:
 + Level 7.9 Fighting
 + Level 4.3 Short Blades
 + Level 4.3 Long Blades
 + Level 4.3 Axes
 + Level 4.3 Maces & Flails
 + Level 4.3 Polearms
 + Level 7.9 Staves
 + Level 4.3 Ranged Weapons
 + Level 4.3 Throwing
 + Level 4.3 Armour
 + Level 4.3 Dodging
 + Level 4.3 Stealth
 + Level 4.3 Shields
 + Level 4.3 Unarmed Combat
 + Level 4.3 Spellcasting
 + Level 3.6 Conjurations
 + Level 3.6 Hexes
 + Level 3.6 Summonings
 + Level 3.6 Necromancy
 + Level 3.6 Translocations
 + Level 3.6 Transmutations
 + Level 3.6 Fire Magic
 + Level 3.6 Ice Magic
 + Level 3.6 Air Magic
 + Level 3.6 Earth Magic
 + Level 3.6 Poison Magic
 + Level 4.8 Invocations
 + Level 9.6 Evocations


You had 16 spell levels left.
You didn't know any spells.
Your spell library contained the following spells:

 Spells                   Type           Power      Damage    Failure   Level
 Shock                    Conj/Air       36%        1d5       11%         1
 Slow                     Hex            36%        N/A       11%         1
 Confusing Touch          Hex            9%         N/A       32%         3
 Swiftness                Air            9%         N/A       32%         3
 Vampiric Draining        Necr           9%         2d6       32%         3
 Airstrike                Air            4%         2d(1-17)  71%         4


Dungeon Overview and Level Annotations

Branches:
Dungeon (7/15)             Temple (1/1) D:4

Altars:
Ashenzari
Cheibriados
Dithmenos
Elyvilon
Fedhas
Gozag
Hepliaklqana
Kikubaaqudgha
Makhleb
Nemelex Xobeh
Okawaru
Qazlal
Ru
Sif Muna
Trog
Uskayaw
Vehumet
Wu Jian
Xom
Yredelemnul
The Shining One


Innate Abilities, Weirdness & Mutations

Your life essence is reduced to manifest your ancestor. (-10% HP)
You have very sharp teeth.
Your uncanny sense of smell can sniff out nearby items.
Your experience applies equally to all skills.


Message History

The water moccasin bites Nikki!
The orc wizard hits Nikki with a +0 dagger.
The water moccasin bites Nikki.
Nikki casts a spell at the orc wizard.
The orc wizard appears confused.
You closely miss the orc.
The water moccasin bites Nikki.
The orc wizard gestures wildly while chanting.
The orc wizard flickers and vanishes!
Deactivating autopickup; reactivate with Ctrl-A.
The orc hits Nikki with a +0 flail.
The orc wizard hits itself with a +0 dagger.
The orc throws a stone.
The stone barely misses you.
Nikki casts a spell at the orc.
The orc appears confused.
The water moccasin barely misses Nikki.
You hit the orc.
The orc is poisoned.
The orc is moderately wounded.
You kill the orc!
The water moccasin closely misses Nikki.
The orc barely misses Nikki.
The orc wizard barely misses Nikki.
The orc warrior hits you from afar with a +0 halberd!
Nikki hits the orc with a +0 dagger of draining!
The orc dies!
Nikki casts a spell at the orc warrior.
The orc warrior resists with some effort.
The orc warrior hits you from afar with a +0 halberd!
* * * LOW HITPOINT WARNING * * *
The water moccasin barely misses Nikki.
Something hits you but does no damage.
You are too injured to fight recklessly!
Unknown command.
As you read the scroll of teleportation, it crumbles to dust.
You feel strangely unstable.
The water moccasin barely misses Nikki.
Nikki gestures at the orc warrior while chanting.
The orc warrior resists with some effort.
You hear some strange, mumbled words.
A magic dart appears from out of thin air!
The magic dart hits you!
* * * LOW HITPOINT WARNING * * *
The orc closely misses Nikki.
The orc wizard barely misses the orc.
The orc warrior hits you from afar with a +0 halberd!
You die...

.......
##.............
.......
#.............
......
##............
......
#.#......#... .
###.....###oo
###....o.....∆
###....oo.#.#..
∆
.?.....){.#.#.#
.....o)@.......
...####R####...
...


)So .. .. ...oo . ....... ...._.... .#.......#. ..#.......#.. You could see the
friendly Nikki the hexer, an orc warrior (ally target), a water moccasin, an orc
priest, an orc wizard (confused) and 4 orcs.

Vanquished Creatures
  Grinder (D:6)
  Sigmund (D:5)
  Menkaure (D:6)
  2 ice beasts
  A black bear (D:6)
  2 ogres (D:5)
  A phantom (D:5)
  A centaur (D:7)
  A bullfrog (D:6)
  3 scorpions
  A necrophage (D:6)
  A howler monkey (D:6)
  3 orc priests
  3 hounds
  4 iguanas (D:5)
  3 orc wizards
  7 adders
  A shadow imp (D:7)
  A white imp (D:7)
  6 worms
  A dart slug (D:3)
  16 orcs
  2 endoplasms
  6 giant cockroaches
  4 goblins
  6 hobgoblins
  5 jackals
  4 quokkas
  6 ball pythons
  2 bats
  3 frilled lizards
  7 kobolds
  9 rats
115 creatures vanquished.

Vanquished Creatures (collateral kills)
  A sky beast (D:6)
  A centaur (D:7)
  Blork the orc (D:4)
  A hound (D:6)
  Crazy Yiuf (D:3)
  An ufetubus (D:6)
  3 orcs (D:7)
9 creatures vanquished.

Grand Total: 124 creatures vanquished

Notes
Turn   | Place    | Note
-------+----------+-------------------------------------------
     0 | D:1      | porpoise the Gnoll Wanderer began the quest for the Orb.
     0 | D:1      | porpoise set off with the following items: a +0
                  | quarterstaff, a box of beasts, a potion of attraction, a
                  | potion of haste, a +0 robe.
     0 | D:1      | Reached XP level 1. HP: 23/23 MP: 1/1
   145 | D:1      | Reached XP level 2. HP: 26/29 MP: 2/2
   757 | D:1      | Found a faded altar of an unknown god.
  1044 | D:1      | Reached XP level 3. HP: 35/35 MP: 3/3
  1325 | D:2      | Reached skill level 1 in Invocations
  1489 | D:2      | Reached skill level 1 in Short Blades
  1489 | D:2      | Reached skill level 1 in Long Blades
  1489 | D:2      | Reached skill level 1 in Axes
  1489 | D:2      | Reached skill level 1 in Maces & Flails
  1489 | D:2      | Reached skill level 1 in Polearms
  1489 | D:2      | Reached skill level 1 in Ranged Weapons
  1489 | D:2      | Reached skill level 1 in Throwing
  1489 | D:2      | Reached skill level 1 in Armour
  1489 | D:2      | Reached skill level 1 in Dodging
  1489 | D:2      | Reached skill level 1 in Stealth
  1489 | D:2      | Reached skill level 1 in Shields
  1489 | D:2      | Reached skill level 1 in Unarmed Combat
  1489 | D:2      | Reached skill level 1 in Spellcasting
  1547 | D:2      | Reached XP level 4. HP: 38/41 MP: 5/5
  1786 | D:2      | Reached skill level 1 in Conjurations
  1786 | D:2      | Reached skill level 1 in Hexes
  1786 | D:2      | Reached skill level 1 in Summonings
  1786 | D:2      | Reached skill level 1 in Necromancy
  1786 | D:2      | Reached skill level 1 in Translocations
  1786 | D:2      | Reached skill level 1 in Transmutations
  1786 | D:2      | Reached skill level 1 in Fire Magic
  1786 | D:2      | Reached skill level 1 in Ice Magic
  1786 | D:2      | Reached skill level 1 in Air Magic
  1786 | D:2      | Reached skill level 1 in Earth Magic
  1786 | D:2      | Reached skill level 1 in Poison Magic
  2304 | D:3      | Found a runed translucent door.
  2305 | D:3      | Noticed Crazy Yiuf
  2310 | D:3      | Killed Crazy Yiuf
  2311 | D:3      | Reached XP level 5. HP: 47/47 MP: 5/7
  2887 | D:3      | Reached XP level 6. HP: 13/53 MP: 8/8
  3374 | D:4      | Noticed Blork the orc
  3381 | D:4      | Killed Blork the orc
  3600 | D:4      | Found a shimmering blue altar of Sif Muna.
  3757 | D:4      | Found an opulent altar of Gozag.
  3955 | D:4      | Found a staircase to the Ecumenical Temple.
  3966 | Temple   | Entered the Ecumenical Temple
  4077 | Temple   | Became a worshipper of Hepliaklqana the Forgotten
  4110 | D:4      | Found a hide-covered altar of Uskayaw.
  4161 | D:4      | Found a stormy altar of Qazlal.
  4598 | D:5      | Entered Level 5 of the Dungeon
  4611 | D:5      | Noticed Sigmund
  4612 | D:5      | Reached XP level 7. HP: 57/60 MP: 10/10
  4617 | D:5      | Killed Sigmund
  4618 | D:5      | Reached skill level 9 in Evocations
  4889 | D:5      | Reached XP level 8. HP: 56/67 MP: 12/12
  5737 | D:6      | Reached * piety under Hepliaklqana
  6236 | D:6      | Noticed Grinder
  6243 | D:6      | Noticed Menkaure
  6246 | D:6      | Killed Grinder
  6247 | D:6      | Reached XP level 9. HP: 49/66 MP: 13/15
  6249 | D:6      | Killed Menkaure
  6624 | D:7      | Reached ** piety under Hepliaklqana
  6625 | D:7      | Remembered your ancestor Nikki as a hexer
  6699 | D:7      | Found a sacrificial altar of Ru.
  6711 | D:7      | Slain by an orc warrior

Illustrated notes

Levels and vault maps discovered:
D:1:      matt_arrival_spirals, layout_basic, serial_forest,
          infiniplex_forest_clump_long, infiniplex_forest_lined_2,
          infiniplex_forest_lined_2, infiniplex_forest_lined_2,
          infiniplex_forest_end_2, infiniplex_forest_clump_cross,
          ebering_ecumenical_altar_sacrificial, minmay_cupped
D:2:      layout_rooms
D:3:      layout_basic, uniq_crazy_yiuf_cottage
D:4:      layout_basic, mainiacjoe_overflow_six_doors_small,
          nicolae_overflow_hidden_temple, mainiacjoe_overflow_big_doors,
          minmay_temple_entry_antechambers, wad_orctagon, uniq_blork_the_orc
D:5:      layout_loops_ring, portal_sewer_entry_b,
          minmay_fractal_squares_gapless_5, uniq_sigmund
D:6:      layout_basic, serial_corexii_hall, corexii_hall_statues_x,
          corexii_hall_statues_deadend, uniq_menkaure, uniq_grinder
D:7:      layout_cave_pools, old_standard_altar
Temple:   nicolae_temple_superstar

Skill      XL: |  1  2  3  4  5  6  7  8 |
---------------+-------------------------+-----
Invocations    | 1 2 3 4 |  4.8
Short Blades   | 1 2 3 4 |  4.3
Long Blades    | 1 2 3 4 |  4.3
Axes           | 1 2 3 4 |  4.3
Maces & Flails | 1 2 3 4 |  4.3
Polearms       | 1 2 3 4 |  4.3
Ranged Weapons | 1 2 3 4 |  4.3
Throwing       | 1 2 3 4 |  4.3
Armour         | 1 2 3 4 |  4.3
Dodging        | 1 2 3 4 |  4.3
Stealth        | 1 2 3 4 |  4.3
Shields        | 1 2 3 4 |  4.3
Unarmed Combat | 1 2 3 4 |  4.3
Spellcasting   | 1 2 3 4 |  4.3
Conjurations   | 1 2 3 |  3.6
Hexes          | 1 2 3 |  3.6
Summonings     | 1 2 3 |  3.6
Necromancy     | 1 2 3 |  3.6
Translocations | 1 2 3 |  3.6
Transmutations | 1 2 3 |  3.6
Fire Magic     | 1 2 3 |  3.6
Ice Magic      | 1 2 3 |  3.6
Air Magic      | 1 2 3 |  3.6
Earth Magic    | 1 2 3 |  3.6
Poison Magic   | 1 2 3 |  3.6
Fighting       | 7 |  7.9
Staves         | 7 |  7.9
Evocations     | 9 |  9.6

Action                   |  1- 3 |  4- 6 |  7- 9 || total
-------------------------+-------+-------+-------++-------
Melee: Quarterstaff      |   120 |   125 |       ||   245
       Bite              |     9 |     9 |    14 ||    32
       Halberd           |       |    20 |   140 ||   160
Invok: Ancestor Identity |       |       |     1 ||     1
       Ancestor Life: He |       |       |     1 ||     1
Evoke: Box of beasts     |       |     2 |       ||     2
  Use: Scroll            |       |    10 |     7 ||    17
       Potion            |       |     1 |     1 ||     2
 Stab: Sleeping          |       |     2 |     2 ||     4
       Distracted        |       |     1 |     2 ||     3
Armor: Robe              |     1 |       |       ||     1
       Ring mail         |    31 |    27 |    40 ||    98
Dodge: Dodged            |    42 |    57 |    69 ||   168

Table legend: (Time is in decaauts)
 A = Elapsed time spent in this place.
 B = Non-inter-level travel time spent in this place.
 C = Inter-level travel time spent in this place.
 D = Time resting spent in this place.
 E = Time spent auto-exploring this place.
 F = Levels seen in this place.
 G = Mean time per level.
                   A        B        C        D        E       F      G
               +--------+--------+--------+--------+--------+-----+--------+
         Total |   6742 |   6496 |    246 |   1527 |   3734 |   8 |  842.8 |
       Dungeon |   6612 |   6406 |    206 |   1527 |   3661 |   7 |  944.6 |
        Temple |    129 |     89 |     40 |      0 |     73 |   1 |  129.0 |
               +--------+--------+--------+--------+--------+-----+--------+

Top non-repeatable levels by time:
     D:4: 1328 daAuts
     D:3: 1267 daAuts
     D:1: 1211 daAuts
     D:5: 977 daAuts
     D:2: 824 daAuts
     D:6: 801 daAuts
     D:7: 202 daAuts
  Temple: 129 daAuts
